 Dungeon Crawl Stone Soup version 0.29-a0-995-g8a7feb118f (webtiles) character file.

Game seed: 12915292390284174625

112 KyoPewz the Gusty (level 4, 0/24 HPs)
             Began as a Deep Elf Air Elementalist on Aug 4, 2022.
             Slain by Sigmund
             ... wielding a +2 scythe of venom
              (11 damage)
             ... on level 2 of the Dungeon.
             The game lasted 00:09:08 (2142 turns).

KyoPewz the Gusty (Deep Elf Air Elementalist)       Turns: 2142, Time: 00:09:09

Health: 0/24       AC:  2    Str:  5    XL:     4   Next: 64%
Magic:  3/12       EV: 12    Int: 22    God:
Gold:   55         SH:  0    Dex: 15    Spells: 5/11 levels left

rFire   . . .      SeeInvis .   k - +5 club
rCold   . . .      Faith    .   (no shield)
rNeg    . . .      Spirit   .   a - +0 robe
rPois   .          Reflect  .   (no helmet)
rElec   .          Harm     .   (no cloak)
rCorr   .          Rampage  .   (no gloves)
Will    .....                   (no boots)
Stlth   +.........              (no amulet)
HPRegen 0.08/turn               (no ring)
MPRegen 0.13/turn               (no ring)

@: confused, lethally poisoned (0 -> -4), swift (expiring), quick
A: no striking features
a: no special abilities


You were on level 2 of the Dungeon.
You visited 1 branch of the dungeon, and saw 3 of its levels.

You collected 55 gold pieces.

Inventory:

Hand Weapons
 d - a +0 dagger
 i - a +0 war axe
 k - a +5 club (weapon)
Armour
 a - a +0 robe (worn)
 l - a +0 helmet
Magical Staves
 h - a staff of earth
Scrolls
 j - a scroll of blinking {unknown}
Potions
 b - a potion of magic
 c - a potion of invisibility {unknown}
 e - 2 potions of curing
 f - a potion of lignification {unknown}
 g - 2 potions of haste {unknown}


   Skills:
 - Level 2.4 Dodging
 - Level 2.4 Stealth
 - Level 4.1 Spellcasting
 + Level 2.9 Conjurations
 * Level 4.2 Air Magic


You had 5 spell levels left.
You knew the following spells:

 Your Spells              Type           Power      Damage    Failure   Level
a - Shock                 Conj/Air       80%        1d8       2%          1
b - Static Discharge      Conj/Air       20%        3-6/arc   3%          2
c - Swiftness             Air            23%        N/A       6%          3

Your spell library contained the following spells:

 Spells                   Type           Power      Damage    Failure   Level
 Airstrike                Air            11%        2d(2-18)  19%         4
 Fulminant Prism          Conj/Hex       5%         3d7       52%         4
 Iskenderun's Mystic Bla  Conj/Tloc      11%        2d4       52%         4
 Lee's Rapid Deconstruct  Erth           2%         3d5*      97%         5


Dungeon Overview and Level Annotations

Branches:
Dungeon (3/15)

Altars:

Annotations:
D:2 Sigmund


Message History

Sigmund mumbles some strange words.
Sigmund flickers and vanishes!
Deactivating autopickup; reactivate with Ctrl-A.
Casting: Shock (safe; 2% risk of failure)
Confirm with . or Enter, or press ? or * to list all spells.
You don't know that spell.
Unknown command.
Casting: Shock (safe; 2% risk of failure)
Confirm with . or Enter, or press ? or * to list all spells.
Aiming: Shock (safe; 2% risk of failure)
Press: ? - help, Shift-Dir - straight line
Casting: Shock (safe; 2% risk of failure)
Confirm with . or Enter, or press ? or * to list all spells.
Aiming: Shock (safe; 2% risk of failure)
Press: ? - help, Shift-Dir - straight line Something barely misses you.
Casting: Shock (safe; 2% risk of failure)
Confirm with . or Enter, or press ? or * to list all spells.
Aiming: Shock (safe; 2% risk of failure)
Press: ? - help, Shift-Dir - straight line Something hits you!
You are poisoned.
Casting: Shock (safe; 2% risk of failure)
Confirm with . or Enter, or press ? or * to list all spells.
Aiming: Shock (safe; 2% risk of failure)
Press: ? - help, Shift-Dir - straight line The zap hits something.
You feel very sick.
Casting: Shock (safe; 2% risk of failure)
Confirm with . or Enter, or press ? or * to list all spells.
Aiming: Shock (safe; 2% risk of failure)
Press: ? - help, Shift-Dir - straight line The zap hits something!
You feel sick.
You hear some strange, mumbled words.
You are confused.
You're too confused to cast spells.
You bump into the rock wall.
You start to feel a little slower.
You feel sick. Something hits you!
You die...

#.##.....#.......# #.#
#.##.....#...###.# #.#
#_##.....#...###.# #.#
#####.†.†.....)....#.####.#
##..........).#)..###......#
##........#####)([##########
##........# ##{........
##........# #.########
##........######@###
############.......# #
#........# # #........# #
#...>....# # #[.......# #
#.[......# # #........# #
#.########


There were no monsters in sight!

Vanquished Creatures
  Robin (D:2)
  4 gnolls (D:2)
  An adder (D:2)
  3 ball pythons
  A bat (D:2)
  2 endoplasms
  3 giant cockroaches
  13 goblins
  10 hobgoblins
  2 jackals (D:1)
  4 quokkas
  A frilled lizard (D:2)
  3 kobolds (D:1)
48 creatures vanquished.

Notes
Turn   | Place    | Note
-------+----------+-------------------------------------------
     0 | D:1      | KyoPewz the Deep Elf Air Elementalist began the quest for
                  | the Orb.
     0 | D:1      | Reached XP level 1. HP: 10/10 MP: 6/6
   268 | D:1      | Reached XP level 2. HP: 15/15 MP: 5/8
   271 | D:1      | Learned a level 2 spell: Static Discharge
   644 | D:1      | You fall into a shaft and drop 1 floor!
   773 | D:2      | Reached XP level 3. HP: 19/19 MP: 5/10
   872 | D:2      | Found a faded altar of an unknown god.
  1687 | D:1      | Learned a level 3 spell: Swiftness
  1690 | D:2      | Reached XP level 4. HP: 19/24 MP: 9/12
  1992 | D:2      | Noticed Robin
  1999 | D:2      | Killed Robin
  2012 | D:2      | Noticed Sigmund
  2142 | D:2      | Slain by Sigmund

Illustrated notes

Levels and vault maps discovered:
D:1:      matt_arrival_refuge, layout_loops_ring, minivault_19,
          minmay_misc_feat_encased, serial_park_tiny_2,
          nicolae_concentric_dashed_squares_wild
D:2:      layout_basic, basic_ecumenical_altar, chequers_decorated_corner,
          uniq_sigmund, uniq_robin
D:3:      layout_loops_cross, lemuel_round_altar, hex_tiny, minmay_puff

Skill      XL: |  1  2  3  4 |
---------------+-------------+-----
Conjurations   | 2 |  2.9
Spellcasting   | 4 |  4.1
Air Magic      | 4 |  4.2
Dodging        | |  2.4
Stealth        | |  2.4

Action                   |  1- 3 |  4- 6 || total
-------------------------+-------+-------++-------
 Cast: Shock             |    67 |    26 ||    93
       Static Discharge  |     2 |     2 ||     4
       Swiftness         |       |     1 ||     1
  Use: Scroll            |     2 |       ||     2
Dodge: Dodged            |     5 |     4 ||     9

Table legend: (Time is in decaauts)
 A = Elapsed time spent in this place.
 B = Non-inter-level travel time spent in this place.
 C = Inter-level travel time spent in this place.
 D = Time resting spent in this place.
 E = Time spent auto-exploring this place.
 F = Levels seen in this place.
 G = Mean time per level.
                   A        B        C        D        E       F      G
               +--------+--------+--------+--------+--------+-----+--------+
         Total |   2143 |   2102 |     41 |    466 |   1284 |   3 |  714.3 |
       Dungeon |   2143 |   2102 |     41 |    466 |   1284 |   3 |  714.3 |
               +--------+--------+--------+--------+--------+-----+--------+

Top non-repeatable levels by time:
     D:1: 1223 daAuts
     D:2: 914 daAuts
     D:3: 5 daAuts
